[Event "*** Titled Tuesday Blitz"]
[Site "Chess.com"]
[Date "2020.03.03"]
[Round "7"]
[White "VALPARAISO37"]
[Black "RiskyDecision"]
[Result "1-0"]
[WhiteElo "2419"]
[BlackElo "2602"]
[TimeControl "180+1"]
[EndTime "14:16:08 PST"]
[Termination "VALPARAISO37 won by resignation"]

1. d4 f5 2. Nc3 Nf6 3. Bg5 d5 4. Bxf6 exf6 5. e3 Be6 6. Bd3 Nc6 7. a3 Qd7 8. h4 h5 9. Nge2 g6 10. Nf4 Bf7 11. Qf3 O-O-O 12. b4 Kb8 13. Bb5 Qd6 14.
Nd3 Ne7 15. Nc5 Nc8 16. Bd3 Nb6 17. a4 c6 18. a5 Nc4 19. b5 cxb5 20. Nxb5 Qc6 21.
Qf4+ Bd6 22. Nxd6 Qxd6 23. Qf3 Ne5 24. Qe2 Nd7 25. Nb3 Qb4+ 26. Qd2 Qxd2+ 27. Kxd2 Rc8 28. Rhb1 Rc7 29. Rb2 Kc8 30. Bb5 Be6 31. Bxd7+ Bxd7 32. Nc5 Bc6 33. Ne6 Re7 34. Nf4 g5 35. Ng6 Rhe8 36. Nxe7+ Rxe7 37. Rh1 g4 38. g3 Kc7 39.
Rc1 Kd6 40. c4 dxc4 41. Rxc4 Be4 42. Rc5 Rd7 43. Rbb5 Ke6 44. Rc8 Kf7 45. Rbc5 b6 46. R5c7 Ke6 47. axb6 axb6 48. Re8+ Kd6 49. Rxd7+ Kxd7 50. Rf8 b5 51. Rxf6 Kc7 52. Kc3 Kd7 53. Kb4 1-0

[Event "*** Titled Tuesday Blitz"]
[Site "Chess.com"]
[Date "2020.03.03"]
[Round "7"]
[White "Poghosyan_Suren"]
[Black "IgorBjelobrk"]
[Result "0-1"]
[WhiteElo "2454"]
[BlackElo "2701"]
[TimeControl "180+1"]
[EndTime "14:16:11 PST"]
[Termination "IgorBjelobrk won on time"]

1. Nf3 d5 2. c4 e6 3. g3 Nf6 4. Bg2 dxc4 5. Qa4+ c6 6. Qxc4 b5 7. Qc2 Bb7 8. Ne5 Bd6 9. d4 O-O 10. O-O Nbd7 11. Nxc6 Qb6 12. Bf4 Bxf4 13. gxf4 Kh8 14. Ne5 Bxg2 15. Kxg2 Qxd4 16. Rd1 Qb6 17. Nc3 Nxe5 18.
fxe5 Ng4 19. e3 Nxe5 20. Qe4 Ng6 21. Rd7 Rad8 22. Rad1 Rxd7 23. Rxd7 a6 24. a4 bxa4 25. Nxa4 Qb5 26. Rb7 Qg5+ 27. Kf1 h6 28. b4 Kg8 29. Nc5 a5 30. Nd7 Rc8 31. b5 Rc1+ 32. Ke2 Qh5+ 33.
Qf3 Re1+ 34. Kxe1 Qxf3 35. Rb8+ Kh7 36. b6 Qc6 37. Rd8 a4 38. h4 h5 39. f4 a3 40. f5 exf5 0-1

[Event "*** Titled Tuesday Blitz"]
[Site "Chess.com"]
[Date "2020.03.03"]
[Round "7"]
[White "Eliwood44"]
[Black "saraswathii"]
[Result "1-0"]
[WhiteElo "2309"]
[BlackElo "2217"]
[TimeControl "180+1"]
[EndTime "14:16:11 PST"]
[Termination "Eliwood44 won on time"]

1. Nf3 d5 2. c4 c6 3. d4 Bf5 4. cxd5 cxd5 5. Qb3 Qc7 6. Nc3 e6 7. Bf4 Qb6 8. e3 Nc6 9. Nb5 Bb4+ 10. Nd2 Rc8 11. a3 Be7 12. Be2 Nf6 13. Nd6+ Bxd6 14. Bxd6 Kd7 15. Bg3 Qxb3 16. Nxb3 b6 17. f3 Na5 18.
Nxa5 bxa5 19. Bb5+ Ke7 20. O-O Rc2 21. Ba4 Rxb2 22.
Rac1 Rb7 23. Rc5 Nd7 24. Rxa5 Rc8 25. h4 Rc3 26. Bb5 Rxe3 27. Rc1 Rb3 28. a4 Rb1 29. Rxb1 Bxb1 30. Kh2 Nb6 31. Bc6 Nc4 32. Ra6 Rb2 33. Rxa7+ Kf6 34. Be8 Bg6 35. Bf4 h6 36. a5 Ra2 37. a6 e5 38. dxe5+ Nxe5 39. Bb5 Nxf3+ 40. Kg3 Nd4 41. Bf1 Be4 42. Rb7 Nf5+ 43. Kh2 d4 44.
Rb6+ Ke7 45. Rb7+ Ke6 46. Bc4+ 1-0

[Event "*** Titled Tuesday Blitz"]
[Site "Chess.com"]
[Date "2020.03.03"]
[Round "7"]
[White "black_pawn_16"]
[Black "Witik"]
[Result "1-0"]
[WhiteElo "2238"]
[BlackElo "2635"]
[TimeControl "180+1"]
[EndTime "14:16:12 PST"]
[Termination "black_pawn_16 won on time"]

1. e4 c6 2. Nc3 d5 3. Nf3 dxe4 4. Nxe4 Nf6 5. Nxf6+ exf6 6. d4 Bd6 7. Bd3 O-O 8.
O-O Re8 9. Be3 Nd7 10. c4 Nf8 11. Rc1 Ng6 12. h3 Be6 13. Re1 Qd7 14. Bf1 Rad8 15. Qb3 Bb8 16. Rcd1 h5 17. Bc1 h4 18. d5 cxd5 19. cxd5 Bf5 20. Rxe8+ Qxe8 21. Qxb7 Ne5 22.
Nd4 Be4 23. Be3 Bxd5 24. Qb5 Bxa2 25. Qxe8+ Rxe8 26. b3 Rd8 27. Ra1 Rxd4 28. Bxd4 Bxb3 29. Bxa7 Bxa7 30. Rxa7 g5 31. Ra5 Kg7 32. g3 Bc2 33.
Bg2 hxg3 34. fxg3 Bg6 35. Kf2 Nd3+ 36. Ke3 Ne5 37. Ra1 Nc4+ 38. Kd4 Nd6 39. g4 f5 40.
Ra5 fxg4 41. hxg4 Kh6 42. Re5 1-0

[Event "*** Titled Tuesday Blitz"]
[Site "Chess.com"]
[Date "2020.03.03"]
[Round "7"]
[White "Sebastian"]
[Black "Vaathi_Coming"]
[Result "1-0"]
[WhiteElo "3011"]
[BlackElo "2823"]
[TimeControl "180+1"]
[EndTime "14:16:13 PST"]
[Termination "Sebastian won on time"]

1. d4 Nf6 2. Nf3 e6 3. e3 b6 4. Bd3 Bb7 5. O-O d5 6. b3 Nbd7 7. c4 Bd6 8. cxd5 exd5 9. Ba3 c5 10. Nc3 a6 11. Rc1 O-O 12. Qe2 Qe7 13. Rfd1 Rfe8 14. Bf5 Bc6 15. Bb2 Rad8 16. g3 g6 17. Bh3 Ne4 18. Bg2 Ndf6 19. dxc5 bxc5 20. Nxe4 Nxe4 21. Qc2 f6 22. Ne1 Bb7 23. Nd3 g5 24. Ba1 h5 25.
Qb2 Kf7 26. Qc2 h4 27. Ne1 hxg3 28. hxg3 Rh8 29. Nf3 Rh6 30. b4 cxb4 31. Qb3 Rdh8 32.
Rxd5 Bxd5 33. Qxd5+ Kg7 34. Nd4 Nxg3 35. Ne6+ Kf7 36.
Nf4+ Kg7 37. Qxg5+ Kh7 38. Qxg3 Rg8 39. Qf3 Qg7 40. Qe4+ Kh8 41. Kf1 Bxf4 42. exf4 Rg6 43. Rc6 1-0

[Event "*** Titled Tuesday Blitz"]
[Site "Chess.com"]
[Date "2020.03.03"]
[Round "7"]
[White "bascheyaro"]
[Black "MITerryble"]
[Result "1-0"]
[WhiteElo "2755"]
[BlackElo "2901"]
[TimeControl "180+1"]
[EndTime "14:16:13 PST"]
[Termination "bascheyaro won by resignation"]

1. d4 e6 2. Nf3 Nf6 3. Bg5 b6 4.
e3 h6 5. Bh4 Bb7 6. Nbd2 d6 7.
Bd3 Nbd7 8. O-O g5 9. Bg3 Nh5 10. Qe2 Bg7 11. Ba6 Qc8 12. Bxb7 Qxb7 13. Ne1 Nxg3 14.
fxg3 O-O 15. c3 f5 16. e4 Rae8 17. Nd3 c5 18. dxc5 bxc5 19. Rae1 fxe4 20. Nxe4 Qc6 21.
Rxf8+ Nxf8 22. Ndf2 d5 23. Nd2 e5 24. Ng4 c4 25. Ne3 e4 26. Nf5 Qb6+ 27. Qf2 Qxb2 28. Nxg7 Kxg7 29. Qxa7+ Kh8 30. Qd4+ Kh7 31. Qxd5 Re6 32.
Nxe4 Qb6+ 33. Kh1 Kg7 34. Rf1 Re7 35. Nd6 Qf2 36. Nf5+ Kh7 37. Qd1 Rd7 38. Qb1 Qd2 39.
Nd4+ Qd3 40. Qxd3+ cxd3 41. Rxf8 d2 42. Rf1 Re7 43. Nf3 Re2 44. Rd1 g4 45. Nxd2 Re3 46.
c4 Rd3 47. c5 1-0

[Event "*** Titled Tuesday Blitz"]
[Site "Chess.com"]
[Date "2020.03.03"]
[Round "7"]
[White "Hasangatin_Ramil"]
[Black "Marcus_Harvey"]
[Result "0-1"]
[WhiteElo "2563"]
[BlackElo "2744"]
[TimeControl "180+1"]
[EndTime "14:16:13 PST"]
[Termination "Marcus_Harvey won on time"]

1. e4 e6 2. d3 c5 3. Nf3 Nc6 4. g3 d6 5. Bg2 g6 6. d4 cxd4 7.
Nxd4 Bg7 8. Nb5 Bf8 9. Bf4 e5 10. Be3 a6 11. N5c3 Nf6 12. O-O Be7 13. Nd5 Nxd5 14.
exd5 Nd4 15. c4 Nf5 16. Bd2 O-O 17. Nc3 Nd4 18. b4 f5 19. Be3 a5 20. b5 Bf6 21. f4 b6 22. Na4 Rb8 23. Rc1 g5 24. Kh1 gxf4 25. gxf4 Kh8 26. Qh5 Qe7 27. Nc3 Qg7 28.
fxe5 dxe5 29. Bxd4 exd4 30. Ne2 d3 31. Nf4 d2 32.
Rcd1 Bc3 33. Rf3 Rg8 34. Rg3 Qe5 35. Rxg8+ Kxg8 36. Qg5+ Kf7 37. Bf3 Qf6 38. Bh5+ Ke7 39. Re1+ dxe1=Q+ 40. Kg2 Qxg5+ 0-1

[Event "*** Titled Tuesday Blitz"]
[Site "Chess.com"]
[Date "2020.03.03"]
[Round "7"]
[White "kleopl"]
[Black "BeanScreen"]
[Result "0-1"]
[WhiteElo "2481"]
[BlackElo "2649"]
[TimeControl "180+1"]
[EndTime "14:16:17 PST"]
[Termination "BeanScreen won by checkmate"]

1. c4 e5 2. Nc3 Nf6 3. Nf3 Nc6 4. e4 d6 5. d4 Bg4 6. d5 Nd4 7. Be2 Bxf3 8. gxf3 g6 9. Be3 Bg7 10. Bxd4 exd4 11. Qxd4 Nh5 12. Qd2 Qh4 13. Nb5 O-O 14. Nxc7 Rac8 15. Nb5 Be5 16. Nxa7 Ra8 17. Nb5 Nf4 18. a3 Ng2+ 19. Kd1 Qxf2 20. Kc2 Bf4 21. Qd3 Rfc8 22. Kb3 Be5 23. Raf1 Qc5 24. Rc1 Nf4 25. Qd2 Re8 26. Ka2 f5 27. Bd3 fxe4 28.
Bxe4 Nh5 29. Rc2 Ra4 30. h4 Rxc4 31. Nc3 b5 32. Ne2 Ra8 33. Rhc1 Raa4 34. Rxc4 bxc4 35.
Rc2 Nf6 36. f4 Nxe4 37. Qe1 Bg7 38. Nc1 c3 39. Kb1 Qxd5 40. b3 Rxa3 41. Qe3 Nd2+ 42. Rxd2 Qxd2 43. Qe8+ Bf8 44. Qe6+ Kg7 45. Qd7+ Kh6 46.
Qg4 Qb2# 0-1

[Event "*** Titled Tuesday Blitz"]
[Site "Chess.com"]
[Date "2020.03.03"]
[Round "7"]
[White "M1711"]
[Black "SahajGrover"]
[Result "1-0"]
[WhiteElo "2557"]
[BlackElo "2711"]
[TimeControl "180+1"]
[EndTime "14:16:18 PST"]
[Termination "M1711 won by checkmate"]

1. d4 Nf6 2. Bg5 e6 3. e4 h6 4. Bxf6 Qxf6 5. c3 d6 6. Bd3 c5 7. Ne2 cxd4 8. cxd4 Nc6 9. Nbc3 Be7 10. d5 exd5 11.
Nxd5 Qg5 12. Nc7+ Kd8 13. Nxa8 Qxg2 14. Rg1 Qxh2 15. Qb3 Bg5 16. Qxf7 Bd7 17. Qxg7 Re8 18. f4 Qh4+ 19. Kd1 Bxf4 20. Nxf4 Qxf4 21. Qg3 Qf6 22. Kc1 Nb4 23. a3 Nc6 24. Rf1 Qd4 25. Kc2 Re5 26.
Rf8+ Be8 27. Qh4+ Ne7 28. Rd1 Rc5+ 29. Kb1 Rc8 30. Bc2 Qe5 31. Rf6 Rxc2 32. Rfxd6+ Kc8 33. Rd8# 1-0

[Event "*** Titled Tuesday Blitz"]
[Site "Chess.com"]
[Date "2020.03.03"]
[Round "7"]
[White "sergiochess83"]
[Black "GianmarcoVaR"]
[Result "1-0"]
[WhiteElo "2911"]
[BlackElo "2558"]
[TimeControl "180+1"]
[EndTime "14:16:18 PST"]
[Termination "sergiochess83 won by checkmate"]

1. e4 c6 2. d4 d5 3. e5 Bf5 4.
Nf3 Nd7 5. Nh4 e6 6. Nxf5 exf5 7. Bd3 g6 8. O-O Be7 9. Re1 Nf8 10. c4 Ne6 11.
Nc3 dxc4 12. Bxc4 Qxd4 13. Qb3 Nc5 14. Bxf7+ Kf8 15. Qc4 Qxc4 16. Bxc4 b5 17. Bf1 Ne6 18. Be3 f4 19. Bd2 Nh6 20. Ne4 Nf5 21. a4 Nfd4 22. axb5 cxb5 23. Ra6 Kf7 24. Rea1 Nb3 25. Bxb5 Nxa1 26.
Bc4 Nc2 27. Rxe6 Rac8 28. Ba2 Nb4 29. Rxe7+ Kxe7 30. Bxb4+ Kd7 31. e6+ Kc6 32. e7 Kb5 33. Bc3 Rc6 34. Bf7 Ka6 35. e8=Q Rxe8 36. Bxe8 Re6 37.
Nc5+ Kb6 38. Nxe6 f3 39. gxf3 g5 40. Nxg5 h6 41. Ne6 a5 42. f4 h5 43. f5 a4 44.
f6 h4 45. f7 a3 46. bxa3 h3 47. f8=Q Ka6 48. Qb4 Ka7 49. Bd4+ Ka6 50. Nc7# 1-0

[Event "*** Titled Tuesday Blitz"]
[Site "Chess.com"]
[Date "2020.03.03"]
[Round "7"]
[White "Rubinstein_Akiba"]
[Black "SCIM"]
[Result "1-0"]
[WhiteElo "2389"]
[BlackElo "2461"]
[TimeControl "180+1"]
[EndTime "14:16:20 PST"]
[Termination "Rubinstein_Akiba won on time"]

1. e4 c5 2. Be2 Nc6 3. f4 g6 4. Nf3 Bg7 5. O-O d6 6. d3 Bg4 7.
Qe1 Nf6 8. Kh1 O-O 9. Qh4 Bxf3 10.
Bxf3 Nd4 11. Bd1 e6 12. c3 Nc6 13. Be3 Nd7 14. Qh3 f5 15. Nd2 Re8 16. g4 Rc8 17.
Rg1 fxe4 18. dxe4 d5 19. Bb3 c4 20. Bc2 d4 21. cxd4 Nxd4 22. Bd1 c3 23. bxc3 Rxc3 24. e5 Nc5 25. Rg3 Qd5+ 26. Kg1 Rf8 27. Qg2 Qd7 28. Ne4 Nxe4 29. Qxe4 Nc6 30. Bb3 Rd8 31. f5 Rxb3 32. axb3 Bxe5 33. fxe6 Qxe6 34. Re1 Qd6 35. Rg2 Nd4 36. Rd2 Qf6 37. Bxd4 Bxd4+ 38. Kg2 Kg7 39.
Red1 Bb6 40. Qxb7+ Kh6 41. Qe4 1-0

[Event "*** Titled Tuesday Blitz"]
[Site "Chess.com"]
[Date "2020.03.03"]
[Round "7"]
[White "cherryandmint"]
[Black "ama18"]
[Result "0-1"]
[WhiteElo "2823"]
[BlackElo "2532"]
[TimeControl "180+1"]
[EndTime "14:16:22 PST"]
[Termination "ama18 won on time"]

1. e4 c5 2. Nf3 d6 3. d4 cxd4 4. Nxd4 Nf6 5. Nc3 a6 6. Be3 e5 7. Nb3 Be6 8. f3 Nbd7 9. g4 b5 10. g5 Nh5 11. a4 b4 12. Nd5 h6 13. gxh6 g6 14. Qd2 Qh4+ 15. Bf2 Qd8 16. Qxb4 Bxd5 17.
exd5 Nf4 18. Na5 Nxd5 19. Qd2 N7f6 20. Bh4 Bxh6 21. Qxd5 Nxd5 22. Bxd8 Kxd8 23. Rd1 Nb4 24. Rxd6+ Kc7 25. Rf6 Nxc2+ 26. Kf2 Nd4 27. Rxf7+ Kd6 28.
Bd3 Bf4 29. Rf6+ Ke7 30. Rxg6 Rab8 31. Nc4 Rbg8 32. Rxg8 Rxg8 33. Be4 Rb8 34. h4 Rb4 35. Bd5 Nf5 36. h5 Bg3+ 37. Kg2 Bf4 0-1

[Event "*** Titled Tuesday Blitz"]
[Site "Chess.com"]
[Date "2020.03.03"]
[Round "7"]
[White "marianokar"]
[Black "nocnypako"]
[Result "0-1"]
[WhiteElo "2399"]
[BlackElo "2586"]
[TimeControl "180+1"]
[EndTime "14:16:23 PST"]
[Termination "nocnypako won on time"]

1. Nf3 Nf6 2. c4 g6 3. Nc3 d5 4. cxd5 Nxd5 5. e4 Nxc3 6. dxc3 Qxd1+ 7. Kxd1 f6 8. Kc2 e5 9. Be3 Nd7 10. Nd2 Bc5 11. Re1 Bxe3 12. Rxe3 Nb6 13. Bc4 Ke7 14. Rd1 Be6 15. Bxe6 Kxe6 16. Nb3 Ke7 17. Nc5 Rab8 18. Red3 Rhe8 19. a4 a5 20. b4 Ra8 21. Kb3 Ra7 22. Rd7+ Nxd7 23. Rxd7+ Kf8 24. Rxh7 Re7 25. Nd7+ Ke8 26. Nxf6+ Kf8 27. Rh3 Kg7 28. Nd5 Rd7 29.
b5 Ra8 30. Rg3 Rf8 31. f3 c6 32. Ne3 cxb5 33. axb5 Rd3 34. Nc4 Rc8 35. f4 a4+ 36.
Kb4 Rd1 37. Nxe5 Rb1+ 38. Ka3 Rb3+ 39. Ka2 Rcxc3 40. Rxg6+ Kh7 0-1

[Event "*** Titled Tuesday Blitz"]
[Site "Chess.com"]
[Date "2020.03.03"]
[Round "7"]
[White "Enriquack"]
[Black "SubrotaBiswas"]
[Result "1-0"]
[WhiteElo "2366"]
[BlackElo "2442"]
[TimeControl "180+1"]
[EndTime "14:16:23 PST"]
[Termination "Enriquack won by checkmate"]

1. e4 e6 2. d4 d5 3. Nc3 Nf6 4. Bg5 Bb4 5. Ne2 dxe4 6. a3 Be7 7. Bxf6 Bxf6 8. Nxe4 Nc6 9. Nxf6+ Qxf6 10. Qd2 e5 11. d5 Ne7 12. Nc3 O-O 13. O-O-O Bf5 14. Bc4 Rfc8 15. Rhe1 Rd8 16. Qe3 Ng6 17. g3 c6 18. h4 cxd5 19. Nxd5 Qc6 20. Qb3 Rac8 21. Ne3 Be6 22. Bxe6 fxe6 23. h5 Ne7 24. h6 gxh6 25. Ng4 Rd5 26. Nf6+ Kg7 27. Nxd5 Nxd5 28. Rxe5 Qc5 29.
Rxe6 Qxf2 30. Rxd5 Qf7 31. Re1 Qf2 32. Red1 Kh8 33.
Qd3 Qf8 34. Qd4+ Kg8 35. Rd7 Qf5 36. c3 Qg6 37. Qd3 Qg5+ 38. Kb1 Qg6 39. Qxg6+ hxg6 40. Rxb7 h5 41. Rxa7 g5 42. Ra5 h4 43. Rxg5+ Kh7 44. gxh4 Kh6 45. Rd6+ Kh7 46. Rd1 Rd8 47. Rc1 Rd4 48.
cxd4 Kh6 49. Rc6+ Kh7 50. Rb5 Kh8 51. Rb7 Kg8 52. Rc8# 1-0

[Event "*** Titled Tuesday Blitz"]
[Site "Chess.com"]
[Date "2020.03.03"]
[Round "7"]
[White "Vusatiuk_Vladimir"]
[Black "MateusViageiro"]
[Result "1-0"]
[WhiteElo "2376"]
[BlackElo "2196"]
[TimeControl "180+1"]
[EndTime "14:16:23 PST"]
[Termination "Vusatiuk_Vladimir won by resignation"]

1. e4 c5 2. Nf3 d6 3. d4 cxd4 4. Qxd4 Nc6 5. Qe3 Nf6 6. Be2 e6 7. O-O Be7 8. Rd1 Qc7 9. c4 O-O 10. Nc3 a6 11. b3 Ng4 12. Qd2 Nge5 13. Bb2 b6 14. Rac1 Bb7 15. Nd5 exd5 16. cxd5 Qd7 17. dxc6 Nxc6 18. e5 Rad8 19. Qc3 f6 20. Bc4+ Kh8 21. e6 Qe8 22. Bd5 Rc8 23. Qe3 Qd8 24. Nh4 f5 25. Ng6+ Kg8 26. Nxe7+ Qxe7 27. Qf3 Na5 28. b4 Bxd5 29. Qxd5 Nb7 30. Rxc8 Rxc8 31. Qxf5 Rf8 32. Qe4 a5 33. a3 axb4 34. axb4 Nd8 35. Re1 Re8 36. Qd4 h6 37. f4 Nc6 38. Qxb6 Nd8 39. Qd4 Nc6 40. Qc3 Rc8 41. b5 Na7 42.
Qb3 d5 43. b6 Nc6 44. Qxd5 Nb4 45. Qd7 Re8 46. Qxe7 Rxe7 47. Ba3 Nd3 48. Bxe7 Nxe1 49. b7 1-0

[Event "*** Titled Tuesday Blitz"]
[Site "Chess.com"]
[Date "2020.03.03"]
[Round "7"]
[White "Barcelona_Guy"]
[Black "MarcoRiehle"]
[Result "1-0"]
[WhiteElo "2607"]
[BlackElo "2739"]
[TimeControl "180+1"]
[EndTime "14:16:28 PST"]
[Termination "Barcelona_Guy won by checkmate"]

1. d4 d5 2. c4 e6 3. Nf3 Nf6 4. g3 dxc4 5. Bg2 Bb4+ 6. Bd2 a5 7. a3 Bxd2+ 8. Nbxd2 b5 9. b3 cxb3 10. Qxb3 c6 11. O-O O-O 12. Rfc1 a4 13. Qb2 Bb7 14. Ne5 Nd5 15. Ne4 Ra7 16. Nc5 Ba8 17. Rc2 Na6 18. Rac1 b4 19. Nxa6 Rxa6 20. axb4 a3 21. Qb3 Qb6 22. Nd7 Qxd4 23. Nxf8 Kxf8 24. b5 cxb5 25. Qxb5 Ra7 26. Rc5 Qa4 27. Rc8+ Ke7 28. Qc5+ Kf6 29. e4 a2 30. Ra1 Ra5 31. Qc1 Ne7 32. Qb2+ Kg6 33. Rc2 Bxe4 34. Rxa2 Bxc2 35. Rxa4 Bxa4 36. Qb4 Ra7 37. Qg4+ Kh6 38. Qd4 Ra5 39. Qd2+ Rg5 40. h4 f6 41. hxg5+ fxg5 42. Qb4 Nf5 43. Qxa4 Nd6 44. Qa6 Ne8 45. Qxe6+ Nf6 46. g4 Kg6 47. Be4+ Kh6 48. Bf5 g6 49. Kg2 Kg7 50. Qe7+ Kh6 51. Qf8# 1-0

[Event "*** Titled Tuesday Blitz"]
[Site "Chess.com"]
[Date "2020.03.03"]
[Round "7"]
[White "RitvarsReimanis"]
[Black "Region_07"]
[Result "1-0"]
[WhiteElo "2614"]
[BlackElo "2399"]
[TimeControl "180+1"]
[EndTime "14:16:30 PST"]
[Termination "RitvarsReimanis won on time"]

1. d4 f5 2. Nf3 Nf6 3. c4 g6 4. b3 Bg7 5. Bb2 O-O 6. Nc3 d6 7.
e3 a5 8. Be2 c6 9. O-O Qc7 10.
d5 Na6 11. Re1 Nc5 12. Rb1 e5 13. dxe6 Bxe6 14. Nd4 Rfe8 15. Nxe6 Rxe6 16. Bf1 Rae8 17. a3 Ng4 18. g3 h5 19. b4 axb4 20. axb4 Ne4 21. Nxe4 fxe4 22. Bh3 Bxb2 23. Bxg4 hxg4 24. Rxb2 Qg7 25. Rc2 Rf8 26. Qxg4 Qe5 27. Rd1 Ref6 28. Rd4 d5 29. cxd5 cxd5 30. h4 R8f7 31. h5 Kg7 32.
Rd1 g5 33. Kg2 Rf3 34. h6+ Kxh6 35. Rh1+ Kg7 36. Qh5 Qf6 37. Qh8+ Kg6 38. Rh6+ Kf5 39. Rxf6+ Rxf6 40. Qc8+ Kg6 41. Qg8+ Kh6 42. Qxd5 g4 43. Qxe4 Kg7 44. Qxg4+ Kf7 45. Qxf3 Rxf3 46. Kxf3 1-0

[Event "*** Titled Tuesday Blitz"]
[Site "Chess.com"]
[Date "2020.03.03"]
[Round "7"]
[White "Gabrielian_Artur"]
[Black "MiroVlasenko"]
[Result "1-0"]
[WhiteElo "2789"]
[BlackElo "2647"]
[TimeControl "180+1"]
[EndTime "14:16:31 PST"]
[Termination "Gabrielian_Artur won by resignation"]

1. e4 Nc6 2. Nf3 d6 3. d4 Nf6 4. Nc3 g6 5. Be3 Bg7 6. Qd2 Ng4 7. Bg5 h6 8. Bh4 g5 9. Bg3 e5 10. Bb5 exd4 11. Nxd4 Bd7 12. Bxc6 bxc6 13. O-O-O Rb8 14. h4 Ne5 15. Qe2 Qf6 16. hxg5 Qxg5+ 17. Kb1 Ng6 18.
e5 O-O 19. Ne4 Qe7 20. exd6 cxd6 21. Bxd6 Qd8 22. Bxb8 Qxb8 23. Nb3 Bf5 24. g4 Be6 25. Nec5 Bd5 26. Nd7 Qd8 27. Nxf8 Qxf8 28. Rxd5 cxd5 29. Re1 Kh7 30. Qd3 Qb4 31. Rc1 a5 32. c3 Qxg4 33. Qxd5 a4 34. Nd4 a3 35. bxa3 Qf4 36. Qf5 Qb8+ 37. Kc2 Kg8 38. Rb1 Qa7 39. Rb3 Ne5 40.
Qc8+ Kh7 41. Qf5+ Kg8 42. f4 Nd7 43. Qd5 Nf6 44. Qc4 Qe7 45. a4 Qe4+ 46. Qd3 Qxf4 47. a5 Nd5 48. a6 Ne3+ 49. Kb1 Qf2 50. Rb8+ Bf8 51. a7 Qe1+ 52. Kb2 Qf2+ 53. Kb3 1-0

[Event "*** Titled Tuesday Blitz"]
[Site "Chess.com"]
[Date "2020.03.03"]
[Round "7"]
[White "karwowskikacper"]
[Black "Gentlejimmy7"]
[Result "0-1"]
[WhiteElo "2407"]
[BlackElo "2695"]
[TimeControl "180+1"]
[EndTime "14:16:31 PST"]
[Termination "Gentlejimmy7 won on time"]

1. e4 c5 2. Nf3 Nc6 3. Nc3 e6 4. d4 cxd4 5. Nxd4 Nf6 6. Ndb5 Bc5 7. Bf4 O-O 8. Bc7 Qe7 9. Bd6 Bxd6 10. Qxd6 Qd8 11.
O-O-O a6 12. Nd4 Na5 13. h3 b5 14. e5 Ne8 15. Qa3 Bb7 16. f3 Qc7 17. Re1 Nc4 18. Bxc4 Qxc4 19. Nce2 a5 20. Qd3 Qxd3 21. cxd3 d6 22.
exd6 Nxd6 23. Nc3 b4 24. Ne4 Rfd8 25. Rd1 Ba6 26. Kb1 Nb7 27. Nc6 Rxd3 28. Nf2 Rxd1+ 29. Rxd1 Kf8 30. Ne4 Bb5 31. Nd4 Rd8 32. Kc1 Bc4 33.
b3 Bd5 34. Nf2 Rc8+ 35. Kd2 Nd6 36. Rc1 Rxc1 37. Kxc1 Ke7 38. Nd3 f6 39. Nf4 Kd7 40. Nxd5 exd5 41. Kd2 Nb7 42. Ke3 Nd8 43. Nf5 Ne6 44.
h4 Kc6 45. g3 Kb5 46. Kd3 a4 47. Ne7 Nc5+ 48. Kd4 Nxb3+ 49. Kxd5 a3 50. Nf5 g6 51.
Nd6+ Ka4 52. Nc4 Nc1 53. Kc6 Nxa2 54. Nb6+ Kb3 55. Nd5 Nc3 0-1

[Event "*** Titled Tuesday Blitz"]
[Site "Chess.com"]
[Date "2020.03.03"]
[Round "7"]
[White "Nesty_Javi_Chess"]
[Black "SARGISMV"]
[Result "0-1"]
[WhiteElo "2679"]
[BlackElo "2467"]
[TimeControl "180+1"]
[EndTime "14:16:33 PST"]
[Termination "SARGISMV won on time"]

1. e4 e6 2. d4 d5 3. Nd2 Nc6 4. Ngf3 Nf6 5. e5 Nd7 6. Bb5 a6 7. Bxc6 bxc6 8. c3 c5 9. O-O a5 10. Re1 Be7 11. dxc5 Nxc5 12. Nd4 Qd7 13. Qg4 O-O 14.
N2f3 Kh8 15. Bg5 Ne4 16. h4 c5 17. Ne2 Rb8 18. b3 a4 19. Rad1 axb3 20. axb3 Rxb3 21.
c4 Bxg5 22. hxg5 Rb4 23. Rc1 Ba6 24. Nf4 Bxc4 25. Qh5 Kg8 26. Re3 Rb3 27. Ree1 Bd3 28. Nh2 Nd2 29. Ng4 Bg6 30. Qh4 Rfb8 31. Red1 Ne4 32.
f3 Nc3 33. Re1 Qc7 34. Nf6+ gxf6 35. exf6 Qd8 36. Nxg6 fxg6 37. Kf2 Qf8 38. Kg3 d4 39. Rh1 R3b7 40. Rce1 Qd6+ 41. Kh3 Nd5 0-1

[Event "*** Titled Tuesday Blitz"]
[Site "Chess.com"]
[Date "2020.03.03"]
[Round "7"]
[White "RoelandPruijssers"]
[Black "ChadBiryani"]
[Result "1-0"]
[WhiteElo "2671"]
[BlackElo "2445"]
[TimeControl "180+1"]
[EndTime "14:16:36 PST"]
[Termination "RoelandPruijssers won by resignation"]

1. e4 c5 2. Nf3 d6 3. d4 cxd4 4. Nxd4 Nf6 5. Nc3 g6 6. Be3 a6 7. f3 b5 8. a3 Bg7 9. Qd2 h5 10. O-O-O Bb7 11. Kb1 Nbd7 12. Nb3 Rc8 13. h4 Ne5 14. Qe1 O-O 15. Bd4 Nc4 16. e5 dxe5 17. Bxe5 Qb6 18. Bd4 Qc7 19. Bxc4 Qxc4 20. Qxe7 Rc7 21.
Qb4 Qxb4 22. axb4 Re8 23. Rhe1 Rxe1 24. Rxe1 Nd5 25. Re8+ Kh7 26. Bxg7 Kxg7 27. Nxd5 Bxd5 28. Nd4 Rc4 29. c3 Kf6 30. Rd8 Be6 31. Rd6 Ke5 32. Rxa6 Bf5+ 33. Kc1 Kf4 34. Rf6 Kg3 35. Rxf7 Kxg2 36.
Kd2 Bb1 37. b3 Rc8 38. Nxb5 Kh3 39. Rf4 Kg3 40. Rd4 Kxf3 41. Nd6 Rf8 42. b5 Bf5 43. b6 Bg4 44. b7 Rb8 45. c4 Kg3 46. c5 Bf3 47. Rd3 Kf4 48. Rxf3+ Kxf3 49. c6 Rd8 50. Ke1 Kg4 51. c7 Rxd6 52. c8=Q+ Kxh4 53. b8=Q Rf6 54. Qd8 Kg5 55. Qe5+ Kh6 56. Qdxf6 1-0

[Event "*** Titled Tuesday Blitz"]
[Site "Chess.com"]
[Date "2020.03.03"]
[Round "7"]
[White "MikaelyanArman"]
[Black "Sunnika"]
[Result "1-0"]
[WhiteElo "2616"]
[BlackElo "2399"]
[TimeControl "180+1"]
[EndTime "14:16:36 PST"]
[Termination "MikaelyanArman won on time"]

1. e4 Nf6 2. e5 Nd5 3. Nf3 d6 4. d4 dxe5 5. Nxe5 c6 6. h3 Bf5 7. Qf3 e6 8. Bd3 Qf6 9. Bxf5 Qxf5 10. Qxf5 exf5 11. O-O Nd7 12. Re1 Be7 13. Nd2 f6 14.
Nd3 Kf7 15. c4 Nc7 16. b3 Rhe8 17. Nf3 Bf8 18. Bb2 Re4 19. Nd2 Rxe1+ 20. Rxe1 Re8 21. Kf1 g5 22. Rxe8 Kxe8 23. Ke2 Bd6 24. b4 Kf7 25. g3 h5 26. Ke3 g4 27. h4 Ne6 28.
Nb3 b6 29. a3 f4+ 30. gxf4 Ng7 31. Ke4 f5+ 32. Ke3 Nf8 33. d5 cxd5 34. cxd5 Ng6 35. Ne5+ Bxe5 36. fxe5 Nxh4 37. e6+ Nxe6 38. dxe6+ Kxe6 39. Nd4+ Kd5 40. Kf4 Ng2+ 41. Kxf5 Ne1 42. Ne6 Kc4 43.
Be5 Nd3 44. Bg3 Kb3 45. b5 Kxa3 46. Nd4 Kb4 47. Kg5 Kc4 48. Nc6 Kxb5 49. Nxa7+ Ka6 50. Nc6 Kb5 51. Nd4+ Kc4 52. Nc2 Kc3 53. Na3 Kb3 54. Nb5 Kc4 55. Nd6+ 1-0

[Event "*** Titled Tuesday Blitz"]
[Site "Chess.com"]
[Date "2020.03.03"]
[Round "7"]
[White "LittlePeasant"]
[Black "malandragem"]
[Result "0-1"]
[WhiteElo "2791"]
[BlackElo "2635"]
[TimeControl "180+1"]
[EndTime "14:16:37 PST"]
[Termination "malandragem won on time"]

1. d4 Nf6 2. c4 g6 3. Nc3 Bg7 4. e4 d6 5. Nf3 O-O 6. Be2 e5 7. O-O Nc6 8. d5 Ne7 9. b4 Nh5 10. Re1 f5 11. Ng5 Nf6 12. Bf3 h6 13. Ne6 Bxe6 14. dxe6 c6 15. Bb2 fxe4 16. Nxe4 Nxe4 17. Bxe4 d5 18. cxd5 cxd5 19. Bc2 Qb6 20. Bxe5 Bxe5 21.
Rxe5 Rxf2 22. Kh1 Raf8 23. Re1 Qd6 24. Bd3 Qf4 25. Qc1 Qd4 26. Bf1 Rd2 27. Qc7 Qg4 28. Qg3 Qxg3 29. hxg3 Rd4 30. a3 Rc8 31. Kh2 Kg7 32.
Bb5 Kf6 33. Bd7 Rc2 34. Rf1+ Ke5 35. Rae1+ Kd6 36. Ba4 Rc3 37. Rf8 Re4 38. Rxe4 dxe4 39. Bd7 e3 40. Rf1 e2 41. Re1 Re3 42. Kg1 Nf5 43.
Kf2 Re5 44. g4 Nd4 45. Bc8 Nxe6 46. Rxe2 Rxe2+ 47. Kxe2 b6 48. Kd3 Nf4+ 49. Kc4 Nxg2 50. Kb5 Kc7 51. Be6 Nf4 52. Bf7 h5 53. gxh5 gxh5 54. Kc4 h4 0-1